 Dungeon Crawl Stone Soup version 0.30-a0-728-gc68057be0a (webtiles) character file.

Game seed: 12848595625709532736

2851 timneilson the Covered (level 9, -12/55 HPs)
             Began as a Gargoyle Fighter on Feb 1, 2023.
             Was an Initiate of Okawaru.
             Mangled by a boulder beetle (17 damage)
             ... on level 7 of the Dungeon.
             The game lasted 00:12:19 (6047 turns).

timneilson the Covered (Gargoyle Fighter)           Turns: 6047, Time: 00:12:19

Health: -12/55     AC: 23    Str: 24    XL:     9   Next: 74%
Magic:  9/9        EV:  9    Int:  9    God:    Okawaru [......]
Gold:   428        SH:  0    Dex: 12    Spells: 8/8 levels left

rFire   . . .      SeeInvis .    a - +1 long sword
rCold   + . .      Faith    .    c - +1 buckler
rNeg    + . .      Spirit   .    q - +0 chain mail
rPois   ∞          Reflect  .    (no helmet)
rElec   +          Harm     .    f - +2 cloak of Delightful Awe {rC+ Will- Dex+3}
rCorr   +          Rampage  .    j - +2 pair of gloves
Will    .....                    (no boots) Stlth
                                 o - amulet of the acrobat
HPRegen 0.29/turn                n - ring of willpower
MPRegen 0.11/turn                u - ring of resist corrosion

@: confused, ambrosia-drunk, on berserk cooldown, slowed, very slow
A: sickness immunity, AC +6, negative energy resistance 1, electricity
resistance, torment resistance 1, petrification resistance
a: Renounce Religion


You were on level 7 of the Dungeon.
You worshipped Okawaru.
Okawaru was noncommittal.
You visited 2 branches of the dungeon, and saw 8 of its levels.
You also visited: Sewer.

You collected 428 gold pieces.

Inventory:

Hand Weapons
 a - a +1 long sword (weapon)
Armour
 c - a +1 buckler (worn)
 f - the +2 cloak of Delightful Awe (worn) {rC+ Will- Dex+3}
   (You found it on level 2 of the Dungeon)

   Dex:       It affects your dexterity (+3).
   rC:        It protects you from cold.
   Will:      It decreases your willpower.
 j - a +2 pair of gloves (worn)
 q - a +0 chain mail (worn)
 r - a +0 plate armour
Jewellery
 h - a ring of ice
 n - a ring of willpower (left hand)
 o - an amulet of the acrobat (around neck)
 s - a ring of fire
 u - a ring of resist corrosion (right hand)
Wands
 k - a wand of mindburst (14)
 w - a wand of flame (12)
Scrolls
 d - a scroll of teleportation
 t - a scroll of enchant armour
 x - a scroll of identify
 y - a scroll of amnesia {unknown}
 z - a scroll of enchant weapon
Potions
 i - 2 potions of haste
 m - 3 potions of flight
 p - a potion of invisibility {unknown}
 v - a potion of resistance {unknown}


   Skills:
 + Level 5.8 Fighting
 * Level 6.0 Long Blades
 * Level 7.6 Armour
 + Level 3.3 Dodging
 * Level 7.6 Shields
 + Level 0.0 Invocations
 + Level 3.3 Evocations


You had 8 spell levels left.
You didn't know any spells.
Your spell library contained the following spells:

 Spells                   Type           Power      Damage    Failure   Level
 Slow                     Hex            0%         N/A       97%         1
 Wereblood                Tmut           0%         N/A       99%         2
 Confusing Touch          Hex            0%         N/A       100%        3
 Ignite Poison            Fire/Tmut/Pois 0%         N/A       100%        3
 Kindle Blastsparks       Fire/Tloc/Air  0%         2d10      100%        3
 Vampiric Draining        Necr           0%         2d6       100%        3
 Olgreb's Toxic Radiance  Pois           0%         N/A       100%        4
 Freezing Cloud           Conj/Ice/Air   0%         6-21      100%        5
 Ozocubu's Refrigeration  Ice            0%         4d7       100%        7
 Ignition                 Fire           0%         3d3       100%        8
 Sublimation of Blood     Necr           Unusable   N/A       N/A         2
 Summon Hydra             Summ           Unusable   N/A       N/A         7

Dungeon Overview and Level Annotations

Branches:
Dungeon (7/15)             Temple (1/1) D:5           Sewer (visited)

Altars:
Ashenzari
Cheibriados
Elyvilon
Fedhas
Hepliaklqana
Kikubaaqudgha
Makhleb
Nemelex Xobeh
Okawaru
Qazlal
Ru
Trog
Uskayaw
Vehumet
Wu Jian
Xom
Yredelemnul
The Shining One

Shops:
D:5 ?

Annotations:
D:3 3 runed translucent doors, hikkokomori's ghost, weakling MfWn
D:7 Maggie


Innate Abilities, Weirdness & Mutations

You are immune to sickness and miasma.
Your stone body is resilient. (AC +6)
You are immune to poison.
You resist negative energy. (rN+)
You are resistant to electric shocks. (rElec)
You are resistant to unholy torment.
You are immune to petrification.


Message History

The boulder beetle is heavily wounded.
You block the boulder beetle's attack. The boulder beetle bites you.
You hit the boulder beetle but do no damage.
The boulder beetle is heavily wounded.
The boulder beetle waves its antennae.
The boulder beetle bites you!
* * * LOW HITPOINT WARNING * * *
You hit the boulder beetle but do no damage.
The boulder beetle is heavily wounded.
You block the boulder beetle's attack. The boulder beetle closely misses you.
You hit the boulder beetle.
The boulder beetle is heavily wounded.
The boulder beetle barely misses you.
The boulder beetle bites you but does no damage.
You hit the boulder beetle.
The boulder beetle is heavily wounded.
The boulder beetle bites you but does no damage.
The boulder beetle bites you!
* * * LOW HITPOINT WARNING * * *
You hit the boulder beetle but do no damage.
The boulder beetle is heavily wounded.
The boulder beetle barely misses you.
You are confused.
You feel invigorated. The boulder beetle bites you.
* * * LOW HITPOINT WARNING * * *
A boulder beetle comes into view.
The boulder beetle bites you!
* * * LOW HITPOINT WARNING * * *
The boulder beetle moves out of view.
You hit the boulder beetle but do no damage.
The boulder beetle is heavily wounded.
The boulder beetle bites you but does no damage.
The boulder beetle bites you!
* * * LOW HITPOINT WARNING * * *
You hit the boulder beetle but do no damage.
The boulder beetle is heavily wounded.
The boulder beetle bites you!
* * * LOW HITPOINT WARNING * * *
You're too confused to move!
The boulder beetle bites you!
You die...

..#..###....#......#
............#......#
###.####....#.......
###.# #...........#
..<.# #...#.#######
##### #...#..# #
#...#.### #
#...#..#B##
########...#.###@#
#†.........#..#.##
...........#.#.##
#.....>....#.###
########...#.. #
#.#####. # #.# #.##
# ##.###.######
#...........#


You could see a boulder beetle.

Vanquished Creatures
  Pikel (D:5)
  A water moccasin (D:6)
  Duvessa (D:6)
  An orc warrior (D:6)
  A black bear (D:6)
  2 sky beasts (D:7)
  An ogre (D:6)
  A lemure (D:5)
  A phantom (D:6)
  A kobold brigand (D:7)
  A bullfrog (D:6)
  4 necrophages
  2 scorpions (D:5)
  2 wyvern zombies (D:6)
  Dowan (D:6)
  2 bullfrog zombies (D:6)
  2 centaur zombies (D:6)
  2 orc priests
  3 hounds
  A bullfrog skeleton (D:6)
  A gnoll bouda (D:5)
  A jelly (D:6)
  6 iguanas
  3 orc wizards
  Natasha (D:2)
  2 killer bee zombies (D:6)
  3 gnolls (D:5)
  14 adders
  4 river rats
  A shadow imp (D:7)
  2 white imps
  An ufetubus (D:4)
  4 worms
  A dart slug (D:3)
  13 orcs
  7 bats
  9 endoplasms
  6 giant cockroaches
  11 goblins
  10 hobgoblins
  10 jackals
  11 kobolds
  3 quokkas
  12 ball pythons
  10 frilled lizards
  13 rats
190 creatures vanquished.

Notes
Turn   | Place    | Note
-------+----------+-------------------------------------------
     0 | D:1      | timneilson the Gargoyle Fighter began the quest for the
                  | Orb.
     0 | D:1      | Reached XP level 1. HP: 14/14 MP: 1/1
   121 | D:1      | Reached XP level 2. HP: 14/19 MP: 2/2
   516 | D:1      | Reached XP level 3. HP: 23/23 MP: 3/3
  1034 | D:2      | Found a hazy altar of Hepliaklqana.
  1041 | D:2      | Identified the +4 spear "Pusumar" {holy, Str+3 Int+4}
  1137 | D:2      | Reached XP level 4. HP: 28/28 MP: 4/4
  1201 | D:2      | Noticed a necrophage
  1222 | D:2      | Killed a necrophage
  1223 | D:2      | Reached skill level 1 in Dodging
  1223 | D:2      | Reached XP level 5. HP: 27/33 MP: 5/5
  1257 | D:2      | Identified the +2 cloak of Delightful Awe {rC+ Will- Dex+3}
  1460 | D:2      | Found a faded altar of an unknown god.
  1734 | D:3      | Noticed Natasha
  1857 | D:2      | Killed Natasha
  1946 | D:3      | Found a runed translucent gate.
  1953 | D:3      | Found a runed translucent gate.
  1953 | D:3      | Found a runed translucent gate.
  2134 | D:3      | Reached XP level 6. HP: 38/38 MP: 6/6
  2358 | D:3      | Noticed hikkokomori's ghost (weakling MfWn)
  2524 | D:4      | Reached skill level 1 in Evocations
  3074 | D:5      | Entered Level 5 of the Dungeon
  3083 | D:5      | Noticed Pikel
  3101 | D:5      | Killed Pikel
  3102 | D:5      | Reached skill level 5 in Armour
  3102 | D:5      | Reached skill level 5 in Shields
  3102 | D:5      | Reached XP level 7. HP: 17/44 MP: 7/7
  3102 | D:5      | Reached XP level 8. HP: 18/48 MP: 8/8
  3248 | D:5      | Found Orus Tic's Magic Scroll Shoppe.
  3435 | D:5      | Found a glowing drain.
  3440 | Sewer    | Entered a sewer
  3742 | D:5      | Found a stormy altar of Qazlal.
  3932 | D:5      | Found a staircase to the Ecumenical Temple.
  3940 | Temple   | Entered the Ecumenical Temple
  4304 | D:5      | Reached skill level 5 in Fighting
  4620 | D:6      | Reached skill level 5 in Long Blades
  4738 | D:6      | Reached XP level 9. HP: 29/54 MP: 9/9
  5217 | D:6      | Noticed Duvessa
  5241 | D:6      | Killed Duvessa
  5241 | D:6      | Noticed Dowan
  5253 | D:6      | Killed Dowan
  5843 | D:7      | Found a burning altar of Makhleb.
  5846 | D:7      | Found an iron altar of Okawaru.
  5922 | D:7      | Became a worshipper of Warmaster Okawaru
  5981 | D:7      | Noticed Maggie
  5987 | D:7      | Noticed a boulder beetle
  6044 | D:7      | Noticed a boulder beetle
  6045 | D:7      | HP: 2/55 [boulder beetle (10)]
  6047 | D:7      | Mangled by a boulder beetle

Illustrated notes

Levels and vault maps discovered:
D:1:      minmay_arrival_hallway, layout_loops_ring
D:2:      layout_loops_ring, basic_altar, hellmonk_ecumenical_altar_slurped_away
D:3:      layout_rooms, gammafunk_ghost_icy, uniq_natasha
D:4:      layout_basic, kennysheep_donut
D:5:      layout_loops_corners, nicolae_qazlal_general_emergency,
          minmay_temple_entry_stoned_glass, serial_shops,
          nicolae_lakefront_shop, lightli_sewer_entry_pipes, uniq_pikel
D:6:      layout_cave_pools, serial_undead, serial_undead_d, serial_undead_b,
          serial_undead_d, serial_undead_c, serial_undead_d, serial_undead_b,
          serial_undead_c, kennysheep_generic_room_3, uniq_duvessa
D:7:      layout_loops_cross, mainiacjoe_overflow_catwalk_spiral,
          minmay_crystal_water, st_stairs_12, minmay_small_thing, uniq_maggie
Temple:   hellmonk_temple_two_chambers

Skill      XL: |  1  2  3  4  5  6  7  8  9 |
---------------+----------------------------+-----
Long Blades    | 2 3 4 5 6 |  6.0
Armour         | 4 5 6 7 |  7.6
Dodging        | 1 2 3 |  3.3
Shields        | 4 5 6 7 |  7.6
Fighting       | 4 5 |  5.8
Evocations     | 1 2 3 |  3.3

Action                     |  1- 3 |  4- 6 |  7- 9 || total
---------------------------+-------+-------+-------++-------
  Melee: Long sword        |   145 |   283 |   607 ||  1035
    Use: Scroll            |     4 |     5 |     6 ||    15
         Potion            |       |     1 |     7 ||     8
 Armour: Scale mail        |    80 |   184 |       ||   264
         Chain mail        |       |    64 |   401 ||   465
  Dodge: Dodged            |    78 |   181 |   257 ||   516
  Block: Buckler           |    34 |   117 |   210 ||   361

Table legend: (Time is in decaauts)
 A = Elapsed time spent in this place.
 B = Non-inter-level travel time spent in this place.
 C = Inter-level travel time spent in this place.
 D = Time resting spent in this place.
 E = Time spent auto-exploring this place.
 F = Levels seen in this place.
 G = Mean time per level.
                   A        B        C        D        E       F      G
               +--------+--------+--------+--------+--------+-----+--------+
         Total |   6350 |   6132 |    218 |    135 |   3809 |   9 |  705.6 |
       Dungeon |   6013 |   5799 |    214 |    135 |   3593 |   7 |  859.0 |
        Temple |     17 |     13 |      4 |      0 |     10 |   1 |   17.0 |
         Sewer |    318 |    318 |      0 |      0 |    206 |   1 |  318.0 |
               +--------+--------+--------+--------+--------+-----+--------+

Top non-repeatable levels by time:
     D:5: 1267 daAuts
     D:2: 1080 daAuts
     D:6: 1072 daAuts
     D:1: 896 daAuts
     D:4: 700 daAuts
     D:3: 542 daAuts
     D:7: 454 daAuts
   Sewer: 318 daAuts
  Temple: 17 daAuts
